AoeStats
← Mắt Mờ Tay Rung

Arena

508193203Analyzed
1v1 RM · 10d ago on Sep 21, 2026· 65m 57s· 2 players
Game mode
Random Map
Map size
Tiny (2 player)
Population
200
Speed
Normal
Resources
Standard
Victory
Conquest
Starting age
Dark Age
Ending age
Imperial Age
RankedLock teamsTeams togetherTeam positionsShared explorationLock speedFull tech treeHidden civsTurbo modeCheats
Victory
Defeat
🇧🇪 Vietnamese · Belgium
633
+18
🇻🇳 Celts · Vietnam
675
-18
SuperZèbre
0:33 Loom
12:40 Feudal Age
18:18 Castle Age
17:47 Double-Bit Axe
25:24 Bow Saw
25:00 Horse Collar
26:43 Pikeman
27:24 Squires
27:50 Town Watch
28:41 Wheelbarrow
29:36 Scale Mail Armor
31:30 Chain Mail Armor
31:25 Forging
31:06 Fletching
31:17 Padded Archer Armor
34:12 Imperial Age
33:37 Iron Casting
33:50 Ballistics
33:30 Elite Skirmisher
35:29 Plate Mail Armor
35:54 Leather Archer Armor
35:34 Bodkin Arrow
36:46 Chemistry
35:27 Treadmill Crane
35:59 Fortified Wall
35:45 Murder Holes
37:23 Two-Man Saw
36:28 Heavy Plow
36:33 Imperial Skirmisher
36:47 Halberdier
37:31 Arrowslits
37:52 Elite Rattan Archer
38:39 Bracer
39:28 Stone Mining
39:29 Gold Mining
40:15 Crop Rotation
40:43 Paper Money
41:07 Ring Archer Armor
54:53 Heated Shot
Mắt Mờ Tay Rung
10:54 Feudal Age
17:11 Castle Age
16:56 Scale Barding Armor
17:01 Forging
18:53 Husbandry
21:12 Horse Collar
21:53 Double-Bit Axe
23:44 Forging
27:17 Heavy Plow
28:20 Bow Saw
28:52 Chain Barding Armor
29:07 Iron Casting
30:49 Wheelbarrow
29:53 Elite Skirmisher
34:50 Imperial Age
32:25 Stronghold
32:32 Fletching
34:16 Hand Cart
33:47 Loom
33:48 Town Watch
36:22 Bodkin Arrow
37:03 Iron Casting
36:29 Scale Mail Armor
36:31 Padded Archer Armor
36:27 Cavalier
38:50 Chemistry
38:12 Ballistics
37:33 Treadmill Crane
38:40 Conscription
39:50 Town Patrol
39:59 Gold Mining
40:01 Stone Mining
39:56 Heavy Cavalry Archer
41:49 Paladin
47:18 Blast Furnace
46:33 Chain Mail Armor
46:34 Leather Archer Armor
54:47 Elite Woad Raider
55:41 Light Cavalry
57:56 Plate Mail Armor
57:21 Hussar
64:06 Ring Archer Armor
Connection lost

Rejoining the realm…

Still unreachable

The connection could not be restored.

Session expired

The server has moved on; the page needs a fresh start.